 Dungeon Crawl Stone Soup version 0.32-a0-468-g38b2580584 (webtiles) character file.

Game seed: 17400189312208434082

823 Armakuni the Trooper (level 7, 0/56 HPs)
             Began as a Human Wanderer on Feb 24, 2024.
             Was an Initiate of Gozag.
             Slain by a gnoll
             ... wielding a +0 flail
             ... led by a gnoll sergeant
              (5 damage)
             ... on level 4 of the Dungeon.
             The game lasted 00:12:20 (4739 turns).

Armakuni the Trooper (Human Wanderer)               Turns: 4739, Time: 00:12:21

Health: 0/56       AC:  6    Str: 16    XL:     7   Next: 96%
Magic:  8/8        EV: 12    Int: 10    God:    Gozag
Gold:   141        SH:  0    Dex: 13    Spells: 7/8 levels left

rFire   . . .        a - +2 dagger (venom)
rCold   . . .        (no shield)
rNeg    . . .        d - +0 leather armour
rPois   +            (no helmet)
rElec   .            (no cloak)
rCorr   .            o - +0 pair of gloves
SInv    .            g - +0 pair of boots
Will    .....        (no amulet)
Stlth   +            L - ring of flight
HPRegen 0.29/turn    P - ring of poison resistance
MPRegen 0.11/turn

%: no passive effects
@: gold aura, on berserk cooldown, flying, slowed, very slow
A: explore regen
a: Renounce Religion, Potion Petition, Call Merchant, Bribe Branch


You were on level 4 of the Dungeon.
You worshipped Gozag.
Gozag was aware of your devotion.
You visited 2 branches of the dungeon, and saw 6 of its levels.

You collected 173 gold pieces.
You paid 32 gold pieces to Gozag.

Inventory:

Hand Weapons
 a - a +2 dagger of venom (weapon)
 b - a +2 whip of electrocution
 r - a +0 flail
Armour
 d - a +0 leather armour (worn)
 g - a +0 pair of boots (worn)
 i - a +0 ring mail
 o - a +0 pair of gloves (worn)
Jewellery
 I - a +6 ring of intelligence
 L - a ring of flight (left hand)
 P - a ring of poison resistance (right hand)
Wands
 j - a wand of iceblast (4)
 p - a wand of polymorph (14)
Scrolls
 e - 4 scrolls of teleportation
 k - a scroll of enchant weapon
 m - a scroll of revelation
Potions
 c - a potion of curing
 f - a potion of brilliance {unknown}
 h - a potion of heal wounds
 l - a potion of degeneration {unknown}
 n - a potion of berserk rage
 q - a potion of might {unknown}
 v - 3 potions of mutation


   Skills:
 - Level 5.0 Fighting
 + Level 2.0 Maces & Flails
 - Level 5.0 Armour
 - Level 2.0 Dodging
 - Level 1.0 Spellcasting
 - Level 3.0 Ice Magic
 - Level 5.0 Evocations


You had 7 spell levels left.
You knew the following spells:

 Your Spells              Type           Power      Damage    Failure   Level
a - Freeze                Ice            24%        1d4       12%         1

Your spell library contained the following spells:

 Spells                   Type           Power      Damage    Failure   Level
 Mercury Vapours          Alch/Air       0%         N/A       52%         2
 Hailstorm                Conj/Ice       3%         3d5       54%         3
 Mephitic Cloud           Conj/Alch/Air  0%         N/A       77%         3
 Tukima's Dance           Hex            0%         N/A       77%         3
 Passage of Golubria      Tloc           0%         N/A       99%         4
 Freezing Cloud           Conj/Ice/Air   1%         6-21      100%        5
 Yara's Violent Unravell  Hex/Alch       0%         3d3       100%        5


Dungeon Overview and Level Annotations

Branches:
Dungeon (5/15)             Temple (1/1) D:4

Altars:
Dithmenos
Elyvilon
Fedhas
Gozag
Hepliaklqana
Kikubaaqudgha
Makhleb
Okawaru
Qazlal
Ru
Sif Muna
Trog
Uskayaw
Vehumet
Wu Jian
Xom
Yredelemnul
The Shining One

Shops:
D:1 (   D:5 !=


Innate Abilities, Weirdness & Mutations

You regain HP and MP as you explore.


Message History

The gnoll shouts!
The gnoll misses you. The gnoll hits you but does no damage.
There is a stone staircase leading up here.
Things that are here:
4 gold pieces; a +0 club; a +0 robe You feel a strong urge to attack something.
The gnoll hits you with a +0 flail. The gnoll closely misses you.
You fly upwards.
Your attacks no longer feel as feeble.
There is a stone staircase leading down here.
You are too injured to fight recklessly!
You are too injured to fight recklessly!
You are too injured to fight recklessly!
You puncture the gnoll!
You kill the gnoll!
Your Maces & Flails skill increases to level 2!
You are no longer berserk.
You are exhausted.
You feel yourself slow down. The gnoll misses you.
Things that are here:
6 gold pieces; a +0 whip You closely miss the gnoll.
The gnoll hits you with a +0 flail.
You barely miss the gnoll. The gnoll barely misses you.
The gnoll hits you with a +0 flail!
* * * LOW HITPOINT WARNING * * *
You hit the gnoll but do no damage.
The gnoll is poisoned.
The gnoll hits you with a +0 flail.
* * * LOW HITPOINT WARNING * * *
You feel much better. The gnoll hits you with a +0 flail!
* * * LOW HITPOINT WARNING * * *
The gnoll hits you with a +0 flail!
* * * LOW HITPOINT WARNING * * *
You barely miss the gnoll.
The gnoll is lightly wounded.
The gnoll misses you.
You hit the gnoll.
The gnoll looks as sick as possible!
The gnoll is moderately wounded.
The gnoll hits you with a +0 flail.
You die...
Your body crumbles into a pile of gold.

≈..≈≈≈..≈#
##......###
≈.≈...≈.≈####.......#
≈.≈._.≈.≈#.........##
≈.≈...≈.≈#.).......#
≈..≈≈≈..≈#####....##
.≈≈≈≈≈≈≈.# #....#
.........## #....#
#########.####..g.#
##........##...>@##
##..............#
#....##.........#
##...####........#
.....# ###......##
....## ##...#..##
###..# #...###..## #
#..# #..## ##..##
##.## ##..# ##..#


You could see a gnoll (swift, extremely poisoned).

Vanquished Creatures
  Pikel (D:4)
  An ogre (D:4)
  3 lemures (D:4)
  A bullfrog (D:4)
  A gnoll bouda (D:5)
  An orc wizard (D:3)
  2 adders
  4 gnolls
  3 dart slugs
  A ribbon worm (D:2)
  5 orcs
  6 ball pythons
  7 bats
  7 endoplasms
  3 giant cockroaches
  5 goblins
  10 hobgoblins
  6 jackals
  6 kobolds
  2 quokkas
  2 frilled lizards
  4 rats
81 creatures vanquished.

Notes
Turn   | Place    | Note
-------+----------+-------------------------------------------
     0 | D:1      | Armakuni the Human Wanderer began the quest for the Orb.
     0 | D:1      | Armakuni set off with the following items: a +0 club, a +0
                  | pair of gloves, a potion of curing, a +0 leather armour, a
                  | wand of polymorph (17); and the following spell memorised:
                  | Freeze; and the following spells available to memorise:
                  | Hailstorm.
     0 | D:1      | Reached XP level 1. HP: 16/16 MP: 2/2
    84 | D:1      | Reached XP level 2. HP: 15/23 MP: 1/3
   464 | D:1      | Reached XP level 3. HP: 25/29 MP: 0/4
   599 | D:1      | Found Demeanta's Weapon Shoppe.
  1279 | D:2      | Noticed Terence
  1764 | D:2      | Reached XP level 4. HP: 33/37 MP: 5/5
  2086 | D:2      | Terence changed into Terence the bat
  2086 | D:2      | Noticed Terence
  2088 | D:2      | Killed Terence the bat
  2296 | D:3      | Found an ornate altar of the Wu Jian Council.
  2720 | D:3      | Reached skill level 5 in Fighting
  2720 | D:3      | Reached XP level 5. HP: 42/44 MP: 6/6
  2858 | D:4      | Found a hazy altar of Hepliaklqana.
  2891 | D:4      | Noticed a lemure
  2937 | D:4      | Killed a lemure
  3039 | D:4      | Noticed a lemure
  3062 | D:4      | Killed a lemure
  3101 | D:4      | Noticed a lemure
  3101 | D:4      | Noticed a lemure
  3127 | D:4      | Killed a lemure
  3369 | D:4      | Noticed an orc warrior
  3598 | D:4      | Found a staircase to the Ecumenical Temple.
  3663 | Temple   | Entered the Ecumenical Temple
  3676 | Temple   | Became a worshipper of Gozag Ym Sagoz the Greedy
  3770 | D:4      | Noticed an ogre
  3781 | D:4      | Killed an ogre
  4032 | D:4      | Noticed Pikel
  4036 | D:4      | Killed Pikel
  4037 | D:4      | Reached skill level 5 in Armour
  4037 | D:4      | Reached XP level 6. HP: 51/51 MP: 7/7
  4037 | D:4      | Reached XP level 7. HP: 56/56 MP: 8/8
  4226 | D:4      | Reached skill level 5 in Evocations
  4605 | D:5      | Entered Level 5 of the Dungeon
  4610 | D:5      | Found Miqipoem's Distillery.
  4615 | D:5      | Found Opas's Jewellery Emporium.
  4632 | D:5      | Reached skill level 1 in Maces & Flails
  4739 | D:4      | Slain by a gnoll

Illustrated notes

Levels and vault maps discovered:
D:1:      dpeg_arrival_more_subterranean_lakeside_camping, layout_basic,
          serial_shops, nicolae_shop_hallway_plus
D:2:      layout_basic, serial_shops, nicolae_shop_tiny_statue_garden,
          minmay_misc_feat_iff, kennysheep_boxes, uniq_terence
D:3:      layout_loops_ring, overflow_temple_1_default, st_stairs_7
D:4:      layout_layer_cave, mainiacjoe_overflow_paths,
          minmay_temple_entry_poolview, minivault_23, nicolae_nh_ransacked_shop,
          uniq_pikel
D:5:      layout_cave_pods, ashenzari_conservatory_becter, serial_shops,
          nicolae_take_the_stairs, shop, shop, nicolae_elevator_lobby_asterisk
Temple:   compressed_dpeg_triangle_lava_temple

Skill      XL: |  1  2  3  4  5  6  7 |
---------------+----------------------+-----
Fighting       | 3 4 5 |  5.0
Armour         | 5 |  5.0
Dodging        | 2 |  2.0
Evocations     | 4 5 |  5.0
Maces & Flails | 2 |  2.0
Spellcasting   | |  1.0
Ice Magic      | |  3.0

Action                     |  1- 3 |  4- 6 |  7- 9 || total
---------------------------+-------+-------+-------++-------
  Melee: Club              |     9 |       |       ||     9
         Whip              |   115 |    57 |       ||   172
         Dagger            |       |    87 |    33 ||   120
   Cast: Freeze            |    15 |       |       ||    15
  Evoke: Wand              |       |     5 |     2 ||     7
    Use: Scroll            |     6 |     1 |     3 ||    10
         Potion            |       |     3 |     2 ||     5
   Stab: Sleeping          |       |     1 |       ||     1
 Armour: Leather armour    |    81 |    87 |    27 ||   195
         Skin              |       |    31 |       ||    31
  Dodge: Dodged            |    97 |    81 |    19 ||   197

Table legend: (Time is in decaauts)
 A = Elapsed time spent in this place.
 B = Non-inter-level travel time spent in this place.
 C = Inter-level travel time spent in this place.
 D = Time resting spent in this place.
 E = Time spent auto-exploring this place.
 F = Levels seen in this place.
 G = Mean time per level.
                   A        B        C        D        E       F      G
               +--------+--------+--------+--------+--------+-----+--------+
         Total |   4768 |   4518 |    250 |    637 |   2822 |   6 |  794.7 |
       Dungeon |   4742 |   4516 |    226 |    637 |   2822 |   5 |  948.4 |
        Temple |     26 |      2 |     24 |      0 |      0 |   1 |   26.0 |
               +--------+--------+--------+--------+--------+-----+--------+

Top non-repeatable levels by time:
     D:4: 1644 daAuts
     D:1: 1268 daAuts
     D:2: 898 daAuts
     D:3: 806 daAuts
     D:5: 124 daAuts
  Temple: 26 daAuts
